Cogmind - Beta 13 @@@ ROGUE MODE // 2024.07.01 @ 02:00:57 Player: Duduxx Result: Destroyed by G-47 Trooper with Particle Gun Performance ------------- Evolutions (2) 1000 Regions Visited (4) 800 Robots Destroyed (28) 140 Value Destroyed (965) 965 Prototype IDs (6) 120 Alien Tech Used (0) 0 Bonus (234) 234 TOTAL SCORE: 3259 Bonus ------- Follower Combat Kills 234 Cogmind --------- Core Integrity 0/550 Matter 245/300 Energy 56/100 System Corruption 4% Temperature Cool (9) Movement Hovering (110) Ox1 Location -8/Materials Parts ------- > --- POWER (1) -------- (None) > --- PROPULSION (3) --- Aerolev Unit > --- UTILITY (5) ------ Medium Storage Unit Terrain Scan Processor Advanced Targeting Computer > --- WEAPON (2) ------- Heavy Particle Gun > --- INVENTORY (10) --- (None) Peak State ------------ > --- POWER ------------ Improved Ion Engine > --- PROPULSION ------- Aluminum Leg Aluminum Leg Carbon-fiber Leg > --- UTILITY ---------- Cargo Storage Unit Core Shielding Light Armor Plating Hacking Suite > --- WEAPON ----------- Beam Rifle Advanced Beam Cannon > --- INVENTORY -------- Light Nuclear Core Armored Wheel Cooling System Particle Gun Mining Laser [Rating: 20] Favorites ----------- Power Improved Ion Engine Engine Improved Ion Engine Power Core Light Nuclear Core Propulsion Aluminum Leg Treads Light Treads Leg Aluminum Leg Wheel Armored Wheel Hover Unit Improved Hover Unit Flight Unit Flight Unit Utility Small Storage Unit Device Heat Sink Storage Small Storage Unit Processor Advanced Targeting Computer Hackware Hacking Suite Protection Light Armor Plating Weapon Light Assault Rifle Energy Gun Beam Rifle Energy Cannon Advanced Beam Cannon Ballistic Gun Light Assault Rifle Special Weapon Mining Laser Build | -11 -10 -9 -9 -8 ------- Run | Yrd Mat Mat Sto Mat Slots Evolved 4 | . . 2 . 2 Power . | . . . . . Propulsion 1 | . . . . 1 Utility 3 | . . 2 . 1 Weapon . | . . . . . Parts Attached 78 | 7 2 4 34 31 Power 10 | 1 . 1 6 2 Engine 7 | 1 . 1 5 . Core 3 | . . . 1 2 Reactor . | . . . . . Propulsion 31 | 3 2 . 10 16 Treads 5 | 2 . . 2 1 Leg 12 | 1 2 . 2 7 Wheel 2 | . . . 1 1 Hover 7 | . . . 2 5 Flight 5 | . . . 3 2 Utility 18 | 1 . 2 9 6 Device 8 | . . 2 4 2 Storage 3 | 1 . . 1 1 Processor 2 | . . . . 2 Hackware 1 | . . . 1 . Protection 4 | . . . 3 1 Artifact . | . . . . . Weapon 19 | 2 . 1 9 7 Energy Gun 9 | 1 . . 4 4 Energy Cannon 2 | . . . 2 . Ballistic Gun 5 | 1 . 1 1 2 Ballistic Cannon . | . . . . . Launcher . | . . . . . Special Weapon 3 | . . . 2 1 Impact Weapon . | . . . . . Slashing Weapon . | . . . . . Piercing Weapon . | . . . . . Special Melee Weapon . | . . . . . Unidentified Prototypes 6 | . . 1 3 2 Parts Lost 34 | . . 1 8 25 Power 3 | . . . . 3 Propulsion 13 | . . . 2 11 Utility 9 | . . . 5 4 Weapon 9 | . . 1 1 7 Highest Loss Streak 10 | . . 1 3 10 To Critical Strikes 1 | . . . . 1 Average Slot Usage (%) 80 | . 85 68 86 68 Engine 8 | . 14 11 8 5 Core 1 | . . . 2 1 Treads 4 | . 3 . 6 1 Leg 15 | . 24 22 13 15 Hover 1 | . . . . 3 Device 8 | . . 3 13 2 Storage 9 | . 14 11 11 6 Hackware 2 | . . . 2 4 Protection 6 | . . . 6 9 Energy Gun 4 | . 14 7 4 1 Energy Cannon 5 | . . . 6 4 Ballistic Gun 6 | . 14 13 7 2 Special Weapon 3 | . . . 2 5 Naked Turns . | . . . . . Heaviest Build 158 | 13 13 18 155 158 Greatest Support 40 | 20 40 20 40 35 Greatest Overweight (x) 7 | 4 . . 7 7 Average Overweight (x) . | . . . . 1 Largest Inventory Capacity 30 | 8 8 8 30 30 Average Capacity 13 | 7 8 8 10 21 Most Carried 9 | 4 5 6 9 8 Average Carried 5 | 2 4 4 7 4 Final Capacity 30 | 8 8 8 30 10 Final Carried 8 | 4 5 4 8 . Class Distribution -------------------- 51% | Mutant 20% | Commander-Mutant 15% | Hauler-Mutant 12% | Scavenger-Mutant Dominant Class ---------------- Mutant | -10/Materials Mutant | -9/Materials Mutant | -9/Storage Hauler-Mutant | -8/Materials Resources | -11 -10 -9 -9 -8 ----------- Run | Yrd Mat Mat Sto Mat Matter Collected 896 | 270 33 . 401 192 Remotely . | . . . . . Salvage Created 1078 | . 122 60 701 195 Parts 68 | . 4 3 46 15 Haulers Intercepted . | . . . . . Recyclers Shooed . | . . . . . Parts Field Recycled . | . . . . . Retrieved Matter . | . . . . . Parts Self-Destructed . | . . . . . Prevented . | . . . . . Kills | -11 -10 -9 -9 -8 ------- Run | Yrd Mat Mat Sto Mat Combat Hostiles Destroyed 26 | . 3 1 16 6 Melee 1 | . . . . 1 Guns 14 | . 2 1 10 1 Cannons 10 | . . . 6 4 AOE 1 | . 1 . . . Classes Destroyed 7 | . 1 1 5 . Operator 1 | . . . 1 . Watcher 1 | . . . 1 . Swarmer 5 | . . . 3 2 Grunt 12 | . 3 . 8 1 Brawler 2 | . . . 1 1 Duelist 3 | . . . 2 1 Sentry 4 | . . 1 2 1 Best Kill Streak 3 | . 2 1 3 2 Combat Bots Only 3 | . 2 1 3 2 Max Kills in Single Turn 1 | . 1 1 1 1 Gunslinging . | . . . . . Exploded 1 | . 1 . . . Melee 1 | . . . . 1 Uniques/NPCs Destroyed . | . . . . . Combat | -11 -10 -9 -9 -8 -------- Run | Yrd Mat Mat Sto Mat Hostile Shots Fired 376 | . 15 6 113 242 Missed 121 | . 2 2 29 88 Damage Taken 3679 | . 139 58 1206 2276 Core 790 | . 20 14 200 556 Absorbed by Shields 139 | . . . 139 . Redirected to Shielding 33 | . . . . 33 Core Remaining (%) 79 | 100 92 . 46 . Volleys Fired 98 | . 13 3 63 19 Largest 2 | . 2 2 2 2 Hottest 165 | . 60 60 124 165 Shots Fired 184 | . 26 6 120 32 Gun 136 | . 26 6 81 23 Cannon 42 | . . . 34 8 Launcher . | . . . . . Special 6 | . . . 5 1 Kinetic 90 | . 13 5 56 16 Thermal 80 | . . . 64 16 Explosive . | . . . . . Electromagnetic 14 | . 13 1 . . Robot Hit Streak 10 | . 3 6 10 6 Robot Miss Streak 5 | . 5 . 3 3 Penetration Max . | . . . . . Secondary Targets 1 | . . . 1 . Max Gunslinging Chain 1 | . . . 1 . Shots Hit Robots 102 | . 13 5 65 19 Core Hits 50 | . 5 3 31 11 Critical Kills . | . . . . . Critical Parts Destroyed . | . . . . . Critical Strikes . | . . . . . Melee Attacks . | . . . . . Impact . | . . . . . Slashing . | . . . . . Piercing . | . . . . . Sneak Attacks . | . . . . . Combat Hostiles . | . . . . . Follow-up Attacks . | . . . . . Damage Inflicted 1585 | . 220 43 957 365 Guns 885 | . 138 43 519 185 Cannons 555 | . . . 411 144 Explosions 82 | . 82 . . . Melee . | . . . . . Ramming 39 | . . . 27 12 Kinetic 491 | . 86 33 271 101 Thermal 993 | . 82 . 659 252 Explosive . | . . . . . Electromagnetic 62 | . 52 10 . . Impact . | . . . . . Slashing . | . . . . . Piercing . | . . . . . Highest Corruption 5 | . . . 5 4 Average Corruption 3 | . . . 3 3 Corruption Purged . | . . . . . Corruption Blocked . | . . . . . Effects 21 | . . . 10 11 Message Errors 3 | . . . 2 1 Matter Fused 6 | . . . 1 5 Heat Flow Errors 1 | . . . 1 . Energy Discharges 4 | . . . 2 2 Parts Rejected 1 | . . . . 1 Data Loss (minor) 5 | . . . 3 2 Data Loss (major) 1 | . . . 1 . Overload Shots . | . . . . . Overflow Damage 4 | . . . 1 3 Projectiles 3 | . . . . 3 Explosions . | . . . . . Melee 1 | . . . 1 . Knockbacks . | . . . . . Impact . | . . . . . Kinetic . | . . . . . Secondary . | . . . . . Self-Inflicted Damage . | . . . . . Shots . | . . . . . Rammed 4 | . . . 3 1 Targets Rammed 13 | . . . 7 6 Kicked 8 | . . . 4 4 Crushed 1 | . . . . 1 Highest Temperature 383 | . 114 25 383 338 Average Temperature 99 | . 49 7 113 102 Received Heat Transfer 1520 | . 78 18 389 1035 Effects 4 | . . . 2 2 Shutdowns 1 | . . . 1 . Interference 2 | . . . . 2 Short Circuit 1 | . . . 1 . Siege Activations . | . . . . . Robots Corrupted . | . . . . . Combat Hostiles . | . . . . . Parts Fried . | . . . . . Impact Corruptions 1 | . . . 1 . Robots Melted . | . . . . . Combat Hostiles . | . . . . . Parts Melted . | . . . . . Heat Transferred 1976 | . 150 . 1332 494 Parts Sabotaged . | . . . . . Parts Stolen . | . . . . . Parts Stripped . | . . . . . Power Chain Reactions 2 | . 2 . . . Alert | -11 -10 -9 -9 -8 ------- Run | Yrd Mat Mat Sto Mat Peak Influence 308 | . 143 94 308 120 Initial 59 | . . 59 39 37 Average 109 | . 51 67 169 41 Maximum Alert Level 1 | . . . 1 . Low Security (%) 78 | 100 100 100 60 100 Level 1 21 | . . . 39 . Level 2 . | . . . . . Level 3 . | . . . . . Level 4 . | . . . . . Level 5 . | . . . . . High Security . | . . . . . Max Security . | . . . . . Squads Dispatched 12 | . 2 . 4 6 Investigation 1 | . . . 1 . Extermination . | . . . . . Reinforcement 6 | . 2 . 1 3 Assault 2 | . . . 2 . Garrison 3 | . . . . 3 Intercept . | . . . . . Searches Triggered . | . . . . . Construction Impeded . | . . . . . Haulers Reinforced . | . . . . . Active Scanning Responses . | . . . . . Cargo Convoy Interrupts . | . . . . . Stealth | -11 -10 -9 -9 -8 --------- Run | Yrd Mat Mat Sto Mat Distress Signals 1 | . . . 1 . Communications Jammed . | . . . . . Distress Signals . | . . . . . Times Spotted 67 | . 7 1 34 25 Peak Tracking Total 9 | . 3 1 8 9 Tactical Retreats 2 | . . . . 2 Traps | -11 -10 -9 -9 -8 ------- Run | Yrd Mat Mat Sto Mat Traps Triggered 1 | . . . 1 . Indirectly . | . . . . . Trap Hack Attempts . | . . . . . Triggered . | . . . . . Disarmed 3 | . . . 3 . Reprogrammed 2 | . . . . 2 Reused . | . . . . . Traps Extracted . | . . . . . Installed . | . . . . . Triggered . | . . . . . Machines | -11 -10 -9 -9 -8 ---------- Run | Yrd Mat Mat Sto Mat Machines Disabled 3 | . . . 3 . Max in Single Turn 1 | . . . 1 . Machines Repaired . | . . . . . Machines Dismantled . | . . . . . Machines Sabotaged . | . . . . . Overloaded Fab Kills . | . . . . . Hacking | -11 -10 -9 -9 -8 --------- Run | Yrd Mat Mat Sto Mat Machines Accessed 7 | . 1 . 4 2 Terminals 6 | . 1 . 3 2 Fabricators . | . . . . . Repair Stations . | . . . . . Recycling Units 1 | . . . 1 . Scanalyzers . | . . . . . Garrison Access . | . . . . . Total Hacks 24 | . 7 . 9 8 Successful 10 | . 4 . 3 3 Failed 14 | . 3 . 6 5 Catastrophic 1 | . . . 1 . Database Lockouts . | . . . . . Manual 13 | . 4 . 4 5 Terminals 22 | . 7 . 7 8 Fabricators . | . . . . . Repair Stations . | . . . . . Recycling Units 2 | . . . 2 . Scanalyzers . | . . . . . Garrison Access . | . . . . . Terminal Hacks 10 | . 4 . 3 3 Open Door 1 | . . . 1 . Recycling Unit Index 1 | . 1 . . . Locate Traps 2 | . 1 . . 1 Disarm Traps 1 | . . . 1 . Reprogram Traps 1 | . . . . 1 Reinforcement Status 1 | . . . . 1 Hauler Manifests 1 | . 1 . . . Zone Layout 2 | . 1 . 1 . Fabricator Hacks . | . . . . . Repair Station Hacks . | . . . . . Recycling Unit Hacks . | . . . . . Scanalyzer . | . . . . . Garrison Access Hacks . | . . . . . Unauthorized Hacks . | . . . . . Terminals . | . . . . . Fabricators . | . . . . . Repair Stations . | . . . . . Recycling Units . | . . . . . Scanalyzers . | . . . . . Garrison Access . | . . . . . Data Cores Recovered 1 | . . . 1 . Used . | . . . . . Hacking Detections 5 | . 1 . 3 1 Full Trace Events . | . . . . . Feedback Events . | . . . . . Feedback Blocked . | . . . . . Robot Schematics Acquired . | . . . . . Robots Built . | . . . . . Authchips . | . . . . . Time . | . . . . . Total Robot Build Rating . | . . . . . Part Schematics Acquired . | . . . . . Parts Built . | . . . . . Authchips . | . . . . . Time . | . . . . . Total Part Build Rating . | . . . . . Parts Repaired . | . . . . . Time . | . . . . . Parts Recycled . | . . . . . Recycled Matter . | . . . . . Retrieved Matter . | . . . . . Retrieved Components . | . . . . . Parts Scanalyzed . | . . . . . Part Schematics Acquired . | . . . . . Parts Damaged . | . . . . . Bothacking | -11 -10 -9 -9 -8 ------------ Run | Yrd Mat Mat Sto Mat Used RIF Installer . | . . . . . Robots Hacked . | . . . . . Non-combat . | . . . . . Combat . | . . . . . Robot Hacks Applied . | . . . . . Relay Couplers Released . | . . . . . Fabnet Peak Effective % . | . . . . . Robots Rewired . | . . . . . Allies Hacked . | . . . . . Hacks Repelled . | . . . . . Allies | -11 -10 -9 -9 -8 -------- Run | Yrd Mat Mat Sto Mat Total Allies 12 | . . . 12 . Largest Group 10 | . . . 10 10 Highest-Rated Group 88 | . . . 88 88 Highest-Rated Ally 31 | . . . 31 16 Total Orders . | . . . . . Ally Attacks 81 | . . . 17 64 Total Damage 913 | . . . 312 601 Kills 8 | . . . 3 5 Allies Corrupted . | . . . . . Allies Melted . | . . . . . Intel | -11 -10 -9 -9 -8 ------- Run | Yrd Mat Mat Sto Mat Robot Analysis Total . | . . . . . Derelict Logs Recovered . | . . . . . Drone Launches . | . . . . . Drone Recoveries . | . . . . . Exploration | -11 -10 -9 -9 -8 ------------- Run | Yrd Mat Mat Sto Mat Turns Passed 2261 | 133 174 98 1206 650 Spaces Moved 1075 | 75 109 70 554 267 Core 13 | 5 . . 2 6 Treads 229 | 38 10 . 164 17 Legs 662 | 32 99 70 350 111 Wheels 1 | . . . 1 . Hover 84 | . . . 33 51 Flight 86 | . . . 4 82 Fastest Speed 40 | 50 120 120 95 40 Average Speed 167 | 160 123 120 165 202 Slowest Speed 720 | 250 160 120 540 720 Overloaded Moves . | . . . . . Propulsion Burnouts . | . . . . . Robots Hopped . | . . . . . Cave-ins Triggered . | . . . . . Exploration Rate (%) 21 | 5 25 9 48 22 Regions Visited 4 Branch Regions 1 Pre-discovered Areas . | . . . . . Known Exits Taken . | . . . . . Unknown Exits Taken 4 | 1 1 1 1 . Scrap Searched . | . . . . . Spaces Dug . | . . . . . Terrain Destroyed 11 | . 11 . . . Melee . | . . . . . Projectile . | . . . . . AOE 11 | . 11 . . . Terrain Rammed . | . . . . . Walls Destroyed . | . . . . . Machines Disabled . | . . . . . Actions | -11 -10 -9 -9 -8 --------- Run | Yrd Mat Mat Sto Mat Total 1352 | 85 124 78 724 341 Wait 15 | . . . 14 1 Move 1071 | 74 108 69 553 267 Hop . | . . . . . Pick Up 29 | 3 1 . 22 3 Fast Attach 47 | 7 . 3 17 20 Attach 14 | . . 1 3 10 Detach 11 | 1 . 1 3 6 Swap 17 | . 2 . 14 1 Drop 35 | . . 1 26 8 Fire 98 | . 13 3 63 19 Melee . | . . . . . Ram 1 | . . . . 1 Kick 8 | . . . 4 4 Crush 4 | . . . 3 1 Escape Stasis . | . . . . . Rewire 2 | . . . 2 . Trap . | . . . . . Miscellaneous . | . . . . . Route ------- -11/Scrapyard -10/Materials -9/Materials -9/Storage -8/Materials History --------- Turn | Location | Event 10 | -11/Scrapyard | Discovered new exit (range 15) 134 | -11/Scrapyard | Entered Materials 177 | -10/Materials | Discovered new exit (range 14) 306 | -10/Materials | Build established: Mutant 308 | -10/Materials | Entered another Materials area 308 | -9/Materials | Evolved 2 slots: Utility x2 386 | -9/Materials | Discovered new exit (range 13) 406 | -9/Materials | Entered Storage 986 | -9/Storage | Lost 3 parts (3u) 1047 | -9/Storage | Met a pair of Derelict thieves 1178 | -9/Storage | Core integrity fell below 50% 1228 | -9/Storage | Assisted by bots powering up and referring to "LRC-V3" 1535 | -9/Storage | Build established: Commander-Mutant 1563 | -9/Storage | Discovered new exit (range 8) 1612 | -9/Storage | Entered Materials 1612 | -8/Materials | Accompanied by 10 allies 1612 | -8/Materials | Evolved 2 slots: Propulsion x1, Utility x1 1719 | -8/Materials | Lost 4 allies 1937 | -8/Materials | Lost 5 allies 1952 | -8/Materials | Garrison activated, responded to threat 1980 | -8/Materials | Lost 5 parts (1n2u2w) 1992 | -8/Materials | Build established: Hauler-Mutant 2121 | -8/Materials | Lost 9 parts (1p5n3w) 2218 | -8/Materials | Core integrity fell below 50% 2258 | -8/Materials | Core integrity fell below 20% 2262 | -8/Materials | Destroyed by G-47 Trooper with Particle Gun Last Messages --------------- 02225_ Critical hit (Burn: +37). 02230_ M-13 Machinist repairs G-47 Trooper. 02235_ Critical hit (Burn: +37). 02236_ Slug penetrates G-47 Trooper. 02236_ Lgt. Nuclear Core destroyed. 02237_ M-13 Machinist repairs O-16 Technician. 02245_ U-05 Engineer builds a Door. 02247_ System corrupted: Component data lost. 02247_ Acquired Terrain Scan Processor. 02249_ Acquired Med. Storage Unit. 02253_ Aluminum Leg destroyed. 02255_ M-13 Machinist repairs G-47 Trooper. 02256_ Slug penetrates G-47 Trooper. 02257_ Acquired Prototype Hover Unit. 02257_ Identified Aerolev Unit. 02257_ Critical hit (Burn: +37). 02259_ Imp. Heat Sink destroyed. 02259_ Penetrated by Slug. 02260_ Acquired Prototype Energy Gun. 02260_ Identified Hvy. Particle Gun. Map ----- +----------------------------------------------------+ | ?????????????????? ? ????????????# # | | ????????????????? ????????????# # | | ?????????????????? ?############ # | | ??????????????????? ?# ## # | | ???????????????????"" ## ## # | | ???????????????????"" # ## # | | ??????????? ????""""" # ## % % # | | ?????????? """"""" %+" ## * %*= | | ?????????? """"""" # ## [/% [= | | ????????? # ## %*%% % | | ????????? # = ### ########+# | | ????????? ####+####/###+####### | | ???????? #??# #??# # # | | ???????? #### #??# # """ """ #! | | ???????# #### # """ """ # | | ???????# # """ """ # | | ????????????# g / """ """ # | | ????????????# #######+#/# # | | ????????????# #######h###### # #### | | ??????????? ?????# gg ## T # #??? | | ??????????????????# mg ## ###########??? | | ??????????????????# gg ## #????????????? | | ??????????????????# ! ## #????????????? | | ??????????????????# ! ## #????????????? | | ??????????????????# ## """ #????????????? | | ??????????????????# @ ## """ #????????????? | | ??????????????????# ## """ #????????????? | | ??????????????????# * ## #????????????? | | ??????????????????##########?#???##?????????????? | | | | | | | | | | | | | | | | | | | | | | | | | | | | | | | | | | | | | | | | | | | +----------------------------------------------------+ Best States ------------- Heat Dissipation 53 Energy Generation 14 Energy Capacity 280 Matter Stores 300 Matter Capacity 300 Sight Range 16 Terrain Scan Range 14 Terrain Scan Density 85 Armor Coverage 150 Core Shielding 20 Evasion (%) 62 Targeting Accuracy 8 Recoil Reduction 2 Offensive Hacking 10 Item Schematics ----------------- None Robot Schematics ------------------ None Fabricated ------------ Nothing Alien Tech Used ----------------- None Achievements -------------- Tank Challenges ------------ None Game ------ Seed HelicalSniperSteel Manual? 0 Play Time 00:22:49 Cumulative 16.1 hours Start 2024.07.01 @ 01:38:54 End 2024.07.01 @ 02:00:57 Sessions 1 Manual Loads 0 Difficulty Rogue Special Mode None Game No. 39 Rogue 39 Adventurer 0 Explorer 0 Win Type - Total 0 Types 0/0/0/0/0/0/0/0/0 Lore% 18 Gallery% 22 Achievement% 18 Wizard Run 0 Options --------- Layout 1 ASCII 0 Keyboard 1 Movement Arrows Keybinds 0 Fullscreen 1 Font 24/Smallcaps Map View 50x35 Zoom Use 0% Tactical HUD 1 Map Filters NONE Filters NONE Steam 1 RUN: 01a2daab-c65f-4c77-83e7-5abec379bc43